AoeStats
← Ryzeres

Arabian Desert

509347796Analyzed
1v1 RM · 6d ago on Sep 26, 2026· 16m 43s· 2 players
Game mode
Random Map
Map size
Tiny (2 player)
Population
200
Speed
Normal
Resources
Standard
Victory
Conquest
Starting age
Dark Age
Ending age
Imperial Age
RankedLock teamsTeams togetherTeam positionsShared explorationLock speedFull tech treeHidden civsTurbo modeCheats
Victory
Defeat
🇬🇧 Danes · United Kingdom
1271
+15
🇩🇪 Varangians · Germany
1240
-15
Ryzeres
7:51 Loom
9:59 Feudal Age
12:15 Man-at-Arms
ButtStuff
6:25 Loom
9:20 Feudal Age
9:32 Man-at-Arms
13:18 Fletching
14:21 Arson
Connection lost

Rejoining the realm…

Still unreachable

The connection could not be restored.

Session expired

The server has moved on; the page needs a fresh start.